Workbook

Sheet Assumptions
B2: SHORT-TERM RENTAL MODELLING
B4: Metrics | C4: Low | D4: Mid | E4: High
B6: Units | C6: 1 | D6: 1 | E6: 1
B7: Rental Nights | C7: 30 | D7: 30 | E7: 30
B8: Max Rental Nights per Month | C8: =C7*C6 -> 30 | D8: =D7*D6 -> 30 | E8: =E7*E6 -> 30
B9: Average Occupancy Rate | C9: 0.2 | D9: 0.4 | E9: 0.6
B11: Average Rental Nights per Month | C11: =C9*C8 -> 6 | D11: =D9*D8 -> 12 | E11: =E9*E8 -> 18
B13: Average Rate per Door | C13: 2000 | D13: 2500 | E13: 3000
B15: Monthly Gross Rent | C15: =C13*C11 -> 12000 | D15: =D13*D11 -> 30000 | E15: =E13*E11 -> 54000
B17: Upsell per door | C17: 200 | D17: 400 | E17: 600
B19: Cleaning Rate/Night | C19: 300 | D19: 300 | E19: 300

Sheet Costs
B2: ASSUMPTIONS ON COST
B4: Operating Expenses
B6: Metrics | C6: Low | D6: Mid | E6: High
A8: Holding Costs | B8: Rent | C8: 10000 | D8: 10000 | E8: 10000
B9: Marketing | C9: 0.05 | D9: 0.05 | E9: 0.05
B10: Utilities Base | C10: 0.03 | D10: 0.03 | E10: 0.03
B12: Total Holding | C12: =C8+($C$9*Assumptions!C15)+($C$10*Assumptions!C15) -> 10960 | D12: =D8+($D$9*Assumptions!D15)+($D$10*Assumptions!D15) -> 12400 | E12: =E8+($E$9*Assumptions!E15)+($E$10*Assumptions!E15) -> 14320
A14: Turnover Costs | B14: Cleaning | C14: =Assumptions!C19*Assumptions!C11 -> 1800 | D14: =Assumptions!D19*Assumptions!D11 -> 3600 | E14: =Assumptions!E19*Assumptions!E11 -> 5400
B15: Consumables | C15: 1000 | D15: 1000 | E15: 1000
B16: Utilities above Base | C16: 0.05 | D16: 0.05 | E16: 0.05
B18: Total Turnover | C18: =C14+C15+(C16*Assumptions!C15) -> 3400 | D18: =D14+D15+(D16*Assumptions!D15) -> 6100 | E18: =E14+E15+(E16*Assumptions!E15) -> 9100
A20: OPEX without guests | B20: Total | C20: =C12*Assumptions!C6 -> 10960 | D20: =D12*Assumptions!D6 -> 12400 | E20: =E12*Assumptions!E6 -> 14320
A21: OPEX with guests | B21: Total | C21: =Assumptions!C6*(C8+C15+(C9*Assumptions!C15)+(C16*Assumptions!C15))+C14 -> 14000 | D21: =Assumptions!D6*(D8+D15+(D9*Assumptions!D15)+(D16*Assumptions!D15))+D14 -> 17600 | E21: =Assumptions!E6*(E8+E15+(E9*Assumptions!E15)+(E16*Assumptions!E15))+E14 -> 21800
B23: NOI/PROFIT | C23: =Assumptions!C15-Costs!C21 -> -2000 | D23: =Assumptions!D15-Costs!D21 -> 12400 | E23: =Assumptions!E15-Costs!E21 -> 32200
